AoeStats
← Navix de los Bosques de Lituania

Highland

504127888Analyzed
2v2 RM · 28d ago on Sep 4, 2026· 63m 29s· 4 players
Game mode
Random Map
Map size
Medium (4 player)
Population
200
Speed
Normal
Resources
Standard
Victory
Conquest
Starting age
Dark Age
Ending age
Imperial Age
RankedLock teamsTeams togetherTeam positionsShared explorationLock speedFull tech treeHidden civsTurbo modeCheats
Victory
Defeat
🇺🇸 Portuguese · United States
778
+14
🇺🇸 Bulgarians · United States
729
+17
🇨🇴 Slavs · Colombia
762
-16
727
-15
Navix de los Bosques de Lituania
4:23 Loom
11:22 Feudal Age
11:38 Man-at-Arms
12:03 Arson
12:35 Long Swordsman
13:54 Scale Mail Armor
14:26 Forging
18:42 Double-Bit Axe
22:34 Wheelbarrow
21:56 Gold Mining
23:08 Horse Collar
23:28 Stone Mining
28:21 Castle Age
27:14 Fletching
27:24 Padded Archer Armor
26:55 Pikeman
30:56 Chain Mail Armor
30:58 Leather Archer Armor
31:20 Hand Cart
31:50 Bow Saw
32:52 Heavy Plow
32:42 Gambesons
32:58 Halberdier
33:42 Squires
34:49 Gold Shaft Mining
35:50 Two-Handed Swordsman
39:04 Elite Skirmisher
44:24 Imperial Age
43:06 Iron Casting
42:26 Bodkin Arrow
42:51 Champion
45:40 Ballistics
46:20 Chemistry
45:31 Masonry
45:46 Onager
47:09 Ring Archer Armor
47:43 Bracer
48:22 Plate Mail Armor
49:21 Blast Furnace
Derzer
3:20 Loom
11:39 Feudal Age
12:27 Horse Collar
14:27 Man-at-Arms
18:23 Scale Mail Armor
18:40 Double-Bit Axe
21:47 Wheelbarrow
26:20 Castle Age
26:32 Castle Age
24:35 Gold Mining
24:36 Stone Mining
26:49 Long Swordsman
28:18 Squires
28:24 Husbandry
28:56 Caravan
32:57 Coinage
33:29 Bloodlines
33:44 Detinets
36:39 Bow Saw
39:05 Imperial Age
37:12 Gold Shaft Mining
36:40 Heavy Plow
39:30 Hand Cart
41:14 Conscription
41:31 Hoardings
44:44 Crop Rotation
47:20 Two-Man Saw
46:38 Forging
46:34 Scale Barding Armor
46:46 Chain Mail Armor
48:00 Elite Boyar
Chuckles19861
14:35 Feudal Age
12:53 Loom
20:12 Castle Age
19:17 Double-Bit Axe
24:17 Horse Collar
24:55 Heavy Plow
25:08 Bow Saw
24:51 Stone Mining
25:02 Gold Mining
27:33 Wheelbarrow
28:35 Hand Cart
29:03 Caravan
36:05 Imperial Age
33:32 Pikeman
35:18 Medium Warships
38:02 Chemistry
38:12 Elite Organ Gun
40:25 Halberdier
42:57 Crop Rotation
43:48 Two-Man Saw
45:02 Conscription
52:34 Arquebus
maharbry
11:05 Feudal Age
12:41 Wheelbarrow
12:47 Fishing Lines
13:25 Loom
13:44 Double-Bit Axe
13:42 Horse Collar
16:10 Gold Mining
21:18 Forging
21:10 Scale Mail Armor
21:33 Fletching
27:37 Stone Mining
35:41 Castle Age
36:14 Scale Barding Armor
37:31 Bow Saw
37:24 Heavy Plow
38:05 Gold Shaft Mining
38:19 Stone Shaft Mining
39:04 Gillnets
39:30 Medium Warships
40:30 Hand Cart
41:11 Bodkin Arrow
41:52 Iron Casting
41:32 Chain Mail Armor
41:38 Chain Barding Armor
41:51 Stirrups
44:09 Pikeman
44:36 Gambesons
44:52 Squires
44:39 Arson
45:07 Husbandry
46:36 Caravan
51:02 Imperial Age
49:50 Bloodlines
53:01 Blast Furnace
52:03 Bracer
52:34 Plate Mail Armor
52:04 Padded Archer Armor
52:41 Plate Barding Armor
53:07 Conscription
54:27 Elite Konnik
56:19 Chemistry
55:36 Siege Engineers
55:54 Ballistics
55:50 Careening
55:43 Murder Holes
56:04 Clinker Construction
56:48 Halberdier
60:53 Bagains
Connection lost

Rejoining the realm…

Still unreachable

The connection could not be restored.

Session expired

The server has moved on; the page needs a fresh start.